 Dungeon Crawl Stone Soup version 0.32-a0-666-ge8a88695a4 (webtiles) character file.

Game seed: 6586339067057945546

200160 cforsyth the Lord of Darkness (level 17, -4/152 HPs)
             Began as a Mountain Dwarf Necromancer on Mar 9, 2024.
             Was the Champion of Kikubaaqudgha.
             Slain by Polyphemus (13 damage)
             ... while petrified by a catoblepas
             ... on level 3 of the Shoals.
             The game lasted 01:42:36 (37427 turns).

cforsyth the Lord of Darkness (MDNe)               Turns: 37427, Time: 01:42:37

Health: -4/152     AC: 38    Str: 22    XL:     17   Next: 87%
Magic:  15/31      EV:  2    Int: 19    God:    Kikubaaqudgha [******]
Gold:   3035       SH:  0    Dex: 10    Spells: 12/36 levels left

rFire   . . .        u - +6 war axe (freeze)
rCold   . . .        K - +2 kite shield {AC+3}
rNeg    + + +        r - +18 Lear's hauberk
rPois   ∞            (helmet currently unavailable)
rElec   .            X - +2 cloak
rCorr   .            (gloves currently unavailable)
SInv    .            (boots currently unavailable)
Will    +....        Y - amulet of regeneration Stlth
                     P - ring of poison resistance
HPRegen 1.25/turn    S - +6 ring of strength
MPRegen 0.22/turn

%: no passive effects
@: petrified, hasted, studying Spellcasting
A: runic magic, artefact enchanting
}: 1/15 runes: serpentine
a: Renounce Religion, Unearth Wretches, Torment, Brand Weapon With Pain, Receive
Forbidden Knowledge


You were on level 3 of the Shoals.
You worshipped Kikubaaqudgha.
Kikubaaqudgha was exalted by your worship.
You visited 6 branches of the dungeon, and saw 30 of its levels.
You visited 1 bazaar.
You also visited: Ossuary and Ice Cave.

You collected 3401 gold pieces.
You spent 366 gold pieces at shops.


Innate Abilities, Weirdness & Mutations

Your spellcasting is much less encumbered by armour.
You can use scrolls of enchantment on lesser artefacts.


   Skills:
 - Level 14.0 Fighting
 - Level 16.6 Axes
 + Level 16.3 Armour
 - Level 1.3 Dodging
 - Level 1.4 Stealth
 - Level 12.0 Shields
 + Level 10.1 Spellcasting
 + Level 18.5 Necromancy
 - Level 10.0 Earth Magic


You had 12 spell levels left.
You knew the following spells:

 Your Spells              Type           Power      Damage    Failure   Level
a - Animate Dead          Necr           68%        N/A       1%          4
b - Borgnjor's Vile Clut  Necr/Erth      29%        N/A       1%          5
d - Death Channel         Necr           34%        N/A       1%          6
n - Dispel Undead         Necr           68%        3d23      1%          4
X - Necrotise             Necr           100%       1d9       0%          1
Y - Anguish               Hex/Necr       22%        N/A       3%          4

Your spell library contained the following spells:

 Spells                   Type           Power      Damage    Failure   Level
 Sublimation of Blood     Necr           68%        N/A       0%          2
 Kiss of Death            Conj/Necr      100%       2d13      1%          1
 Sandblast                Erth           94%        2d19      1%          1
 Cigotuvi's Dreadful Rot  Necr/Alch/Air  66%        N/A       1%          2
 Passwall                 Erth           47%        N/A       1%          3
 Vampiric Draining        Necr           68%        2d10      1%          3
 Curse of Agony           Necr           68%        N/A       1%          5
 Martyr's Knell           Necr/Summ      44%        N/A       3%          4
 Stone Arrow              Conj/Erth      56%        3d10      7%          3
 Magic Dart               Conj           36%        1d4       17%         1
 Slow                     Hex            36%        N/A       17%         1
 Brom's Barrelling Bould  Conj/Erth      28%        2d5       22%         4
 Searing Ray              Conj           18%        2d5       26%         2
 Confusing Touch          Hex            9%         N/A       45%         3
 Hailstorm                Conj/Ice       9%         3d6       45%         3
 Inner Flame              Hex/Fire       9%         N/A       45%         3
 Ozocubu's Armour         Ice            9%         N/A       45%         3
 Sigil of Binding         Hex            9%         N/A       45%         3
 Summon Ice Beast         Ice/Summ       9%         N/A       45%         3
 Flame Wave               Conj/Fire      9%         2d6       86%         4
 Fulminant Prism          Conj/Alch      4%         3d5       86%         4
 Ignite Poison            Fire/Alch      9%         N/A       86%         4
 Sticky Flame             Fire/Alch      9%         2d5       86%         4
 Vhi's Electric Charge    Tloc/Air       18%        N/A       86%         4
 Arcjolt                  Conj/Air       4%         1d14      99%         5
 Metabolic Englaciation   Hex/Ice        4%         N/A       99%         5
 Summon Mana Viper        Hex/Summ       9%         N/A       99%         5
 Plasma Beam              Fire/Air       4%         2x1d14    100%        6
 Sculpt Simulacrum        Ice/Alch       4%         N/A       100%        6
 Malign Gateway           Summ/Tloc      4%         N/A       100%        7
 Monstrous Menagerie      Summ           4%         N/A       100%        7
 Ignition                 Fire           4%         3d4       100%        8
 Summon Horrible Things   Summ           4%         N/A       100%        8

Inventory:

Hand Weapons
 u - a +6 war axe of freezing (weapon)
 F - a +0 broad axe
 V - the +8 frozen axe "Frostbite" {freeze, freezing cloud, *Noise Fly rC+}
   (You found it in an ice cave)

   rC+:       It protects you from cold.
   Fly:       It grants you flight.
   *Noise:    It may make a loud noise when swung.
Armour
 r - the +18 Lear's hauberk (worn)
   (You found it on level 2 of the Dungeon)
 x - a +1 helmet
 K - a +2 kite shield of protection (worn)
 X - a +2 cloak (worn)
Magical Staves
 H - a staff of death {!a}
 T - a staff of air {!a}
Jewellery
 c - a ring of protection from cold
 f - a ring of protection from fire
 C - the ring of Jojicej {rElec rC+ MP-9 Int+3 Slay+3}
   (You took it off a reaper in an ice cave)

   [ring of protection from cold]

   Int+3:     It affects your intelligence (+3).
   Slay+3:    It affects your accuracy & damage with ranged weapons and melee
   (+3).
   rC+:       It protects you from cold.
   rElec:     It insulates you from electricity.
   MP-9:      It affects your magic capacity (-9).
 L - a ring of flight
 P - a ring of poison resistance (left hand)
 S - a +6 ring of strength (right hand)
 W - a ring of willpower
 Y - an amulet of regeneration (around neck)
 Z - a ring of wizardry
Wands
 l - a wand of acid (4)
 w - a wand of warping (21)
 z - a wand of flame (61)
 M - a wand of digging (7)
 Q - a wand of charming (15)
Scrolls
 a - 4 scrolls of enchant weapon
 i - 3 scrolls of torment
 j - 3 scrolls of fog
 m - a scroll of poison
 p - 6 scrolls of revelation
 s - 3 scrolls of blinking
 t - 7 scrolls of amnesia
 y - 7 scrolls of enchant armour
 A - 6 scrolls of immolation
 D - 14 scrolls of teleportation {@r2}
 I - 6 scrolls of noise
 O - a scroll of fear
Potions
 b - 2 potions of magic
 d - 6 potions of attraction
 e - 7 potions of might
 g - 5 potions of invisibility
 h - a potion of haste {@q3}
 k - 5 potions of heal wounds {@q2}
 o - 3 potions of enlightenment
 q - 2 potions of mutation
 B - a potion of resistance
 E - 3 potions of ambrosia
 G - 6 potions of brilliance
 J - 3 potions of lignification
 N - 7 potions of curing {@q1}
 U - 2 potions of berserk rage {!q}
Miscellaneous
 n - a phial of floods
 R - a condenser vane

Dungeon Overview and Level Annotations

Branches:
Dungeon (15/15)            Temple (1/1) D:7            Lair (5/5) D:10
 Shoals (3/4) Lair:3        Snake (4/4) Lair:3        Slime (0/5) Lair:5
    Orc (2/2) D:12            Elf (0/3) Orc:2        Vaults (0/5) D:13
 Depths (0/4) D:15        Ossuary (visited)           IceCv (visited)

Altars:
Ashenzari
Cheibriados
Dithmenos
Elyvilon
Fedhas
Gozag
Hepliaklqana
Kikubaaqudgha
Makhleb
Nemelex Xobeh
Okawaru
Qazlal
Ru
Sif Muna
Trog
Uskayaw
Vehumet
Wu Jian
Xom
Yredelemnul
Zin
The Shining One
Beogh
Jiyva

Shops:
D:10 [   Orc:1 (   Orc:2 ((!

Portals:
Trove: D:13 (give 4 scrolls of blinking)

Annotations:
D:15 2 transporters, Boicepta's ghost, journeyman DsGl
Shoals:3 Polyphemus

~~~~~~~≈≈≈~~~~.~~~~≈≈≈≈≈~...#
~~~~~~~≈≈~~.~~...~~~≈≈~~~~~.####
~~~~~~~~~~...# #..~~~†~~~~~....#
~~~~~~~.~~.#.#▒#..?~.<.~~)...#
~~~.~~..~.....##.....~.~....#▒
~~C~..##......##.....~~.....#
~~....#▒#..#....§....~~..#.##
§§.#!..##.....<.§..###.~..†.#▒
.#▒▒#.Y.C...~~.Y@C.# #.≈≈~...#
▒▒ ▒#..~~..~..Y~~.###?.~~..## ▒
#...~....~~~!.##....~..### ▒
#..~..###.~~~~....~~~~...Y.. #
#..~..##..~~~~~~..~~~~~~≈~≈≈~ #
#.~~~.....~~~~~....~~~~≈≈≈≈≈~ ▒
#..~~~~~..~~~~~~.....~~~~~≈≈≈≈ ▒
##.~~~~~~~~~≈≈~~~~~...~~....~≈ #
#..~~~~~~~≈≈≈~~~~......###.~~


You could see Polyphemus, a death yak and a catoblepas.


Message History

* * * LOW HITPOINT WARNING * * *
The catoblepas gores you!
* * * LOW HITPOINT WARNING * * *
You are engulfed in calcifying dust.
The death yak gores you but does no damage.
Polyphemus throws a large rock.
The large rock hits you. The catoblepas gores you!
* * * LOW HITPOINT WARNING * * *
You are engulfed in calcifying dust.
The death yak barely misses you.
The catoblepas breathes a plume of calcifying dust at you.
The blast of calcifying dust hits you but does no damage.
The death yak gores you but does no damage.
Polyphemus hits you!
* * * LOW HITPOINT WARNING * * *
Polyphemus barely misses you.
The catoblepas gores you but does no damage.
The death yak gores you!
* * * LOW HITPOINT WARNING * * *
Polyphemus throws the catoblepas at you!
* * * LOW HITPOINT WARNING * * *
The catoblepas gores you but does no damage.
The death yak gores you.
* * * LOW HITPOINT WARNING * * *
Polyphemus hits you but does no damage. x2; The catoblepas gores you!
* * * LOW HITPOINT WARNING * * *
The death yak gores you but does no damage.
Polyphemus hits you!!
You die...
Polyphemus says, "You're nobody."
Kikubaaqudgha rasps: You have failed me!
Welcome... oblivion!

Skill      XL: |  1  2  3  4  5  6  7  8  9 10 11 12 13 14 15 16 17 |
---------------+----------------------------------------------------+-----
Fighting       | 1 2 3 4 5 6 8 9 10 11 12 13 14 | 14.0
Necromancy     | 5 6 7 8 9 10 11 12 13 14 15 16 18 | 18.5
Axes           | 1 3 4 6 7 9 10 12 13 14 16 | 16.6
Armour         | 1 2 4 5 7 8 9 11 12 13 14 16 | 16.3
Spellcasting   | 3 5 8 10 | 10.1
Earth Magic    | 2 5 7 10 | 10.0
Shields        | 5 12 | 12.0
Dodging        | |  1.3
Stealth        | |  1.4

Action                     |  1- 3 |  4- 6 |  7- 9 | 10-12 | 13-15 | 16-18 || total
---------------------------+-------+-------+-------+-------+-------+-------++-------
  Melee: Unarmed           |    26 |    10 |       |       |       |       ||    36
         Punch             |     1 |       |       |       |       |       ||     1
         War axe           |       |   112 |   315 |   537 |  1144 |   734 ||  2842
   Cast: Necrotise         |    83 |    69 |       |     8 |       |       ||   160
         Animate Dead      |       |       |       |     9 |    18 |    18 ||    45
         Borgnjor's Vile C |       |       |       |       |    93 |    84 ||   177
         Death Channel     |       |       |       |       |       |    13 ||    13
  Evoke: Wand              |       |       |       |    17 |     5 |     4 ||    26
         Condenser vane    |       |       |       |       |     1 |       ||     1
    Use: Scroll            |       |     2 |     2 |    10 |    12 |    10 ||    36
         Potion            |       |       |     3 |       |     2 |     4 ||     9
   Stab: Distracted        |       |       |       |     3 |     8 |    19 ||    30
 Armour: Robe              |    13 |       |       |       |       |       ||    13
         Scale mail        |    27 |    42 |       |       |       |       ||    69
         Chain mail        |       |   183 |   394 |   727 |  1230 |   831 ||  3365
         Skin              |       |       |       |       |    24 |       ||    24
  Dodge: Dodged            |    24 |    73 |   129 |   301 |   413 |   182 ||  1122
  Block: Kite shield       |       |       |       |       |    71 |   495 ||   566

Levels and vault maps discovered:
D:1:      dpeg_arrival_rooms_c, layout_loops_ring, moated_statue, st_stairs_12,
          hangedman_decor_points
D:2:      layout_basic, ebering_ecumenical_altar_petrified
D:3:      layout_basic, nemelex_diamond_rough_becter,
          mainiacjoe_overflow_cross_hatched, dk_yredelemnul_ordeal,
          nicolae_ru_path_of_blood, minmay_circle_x, uniq_crazy_yiuf_cottage
D:4:      layout_cave_pools, nicolae_ossuary_entry_plus, kennysheep_potato,
          uniq_natasha, uniq_robin
D:5:      layout_gridville, marbit_many_paths, minmay_tree_intersection
D:6:      layout_basic, ebering_ghost_rock_garden
D:7:      layout_cave_pools, minmay_temple_entry_ruins
D:8:      layout_loops_corners, lemuel_round_altar, overflow_temple_1_default,
          serial_shops, shop, kennysheep_another_room, minivault_23,
          worms_lemuel
D:9:      layout_stronghold, nicolae_uskayaw_dance_studio,
          mainiacjoe_overflow_surrounded_room, uniq_prince_ribbit1, uniq_psyche
D:10:     layout_stronghold, nicolae_tso_carved_into_rock,
          pdpol_wu_jian_five_deadly_venoms, trog_book, tgw_xom,
          grunt_qazlal_clouds, vehumet_crystals, lair_entry_dummy, serial_shops,
          nicolae_shop_tiny_waterfront, uniq_gastronok, uniq_maggie
D:11:     layout_roguey, bloody_trog
D:12:     layout_rooms, erik_orc_3, uniq_josephine, uniq_snorg
D:13:     layout_roguey [special_room_orc], hellmonk_vaults_order_and_chaos,
          enter_trove_6
D:14:     layout_layer_cave, serial_shops, bzr_entry_safe, minmay_holes,
          hellmonk_talismancer, uniq_agnes, uniq_frances
D:15:     gammafunk_enter_depths_forms, layout_loops_cross,
          gammafunk_ghost_arena, skrybe_limestone_x
Temple:   hellmonk_temple_divided_pantheon
Lair:1:   lemuel_slime, layout_cave_pods, infiniplex_staircase_pool,
          lemuel_fruit_fields, grunt_megastairs_5, lemuel_fruit_fields
Lair:2:   gammafunk_worm_tunnel, layout_gridlike, gammafunk_ghost_ooze,
          bh_autumn_forest_stairs, st_stairs_9, beast_lair_carwin_5
Lair:3:   nzn_winding_woodlands_small [nzn_winding_woodlands_5x15_default,
          nzn_winding_woodlands_center_pierced_h,
          nzn_winding_woodlands_5x15_crooked], layout_layer_cave,
          minmay_shoals_entry_hut, dummy_snake_entry,
          chequers_serial_rivers_micro_d, serial_bayou_pond_b, minivault_24,
          serial_bayou_shore_b, uniq_rupert
Lair:4:   layout_hall_layers, lemuel_fruit_fields
Lair:5:   minmay_lair_end_enchanted_forest, layout_gridlike,
          minmay_slime_entry_pillars
Shoals:1: layout_shoals, nicolae_shoals_circle_sea_wall, uniq_louise
Shoals:2: layout_shoals, nicolae_shoals_pincushion_passage
Shoals:3: layout_shoals, uniq_polyphemus, uniq_roxanne, uniq_bai_suzhen
Snake:1:  layout_onion, uniq_aizul
Snake:2:  layout_chambers, nicolae_snake_coiling_death
Snake:3:  layout_concentric_octagons, basic_altar
Snake:4:  grunt_snake_rune_spirals, layout_onion
Orc:1:    layout_caves, serial_shops, shop, portal_ice_cave_entry_ice_simulacra,
          uniq_erolcha
Orc:2:    st_orc_pillars, layout_diamond_mine, uniq_maurice

Notes
Turn   | Place    | Note
-------+----------+-------------------------------------------
     0 | D:1      | cforsyth the Mountain Dwarf Necromancer began the quest for
                  | the Orb.
     0 | D:1      | Reached XP level 1. HP: 14/14 MP: 3/3
   232 | D:1      | Reached skill level 1 in Fighting
   305 | D:1      | Reached XP level 2. HP: 23/23 MP: 2/4
   730 | D:1      | Reached skill level 2 in Fighting
   818 | D:1      | Reached XP level 3. HP: 29/29 MP: 3/5
   959 | D:1      | Reached skill level 5 in Necromancy
  1581 | D:2      | Found the +18 Lear's hauberk
  2093 | D:2      | Found a faded altar of an unknown god.
  2306 | D:3      | Found a runed translucent door.
  2306 | D:3      | Noticed a human
  2312 | D:3      | Found a basalt altar of Yredelemnul.
  2337 | D:3      | Reached XP level 4. HP: 37/37 MP: 3/6
  2443 | D:3      | Found a runed translucent door.
  2444 | D:3      | Noticed Crazy Yiuf
  2535 | D:3      | Found a shimmering blue altar of Sif Muna.
  2550 | D:3      | Reached skill level 3 in Fighting
  2949 | D:3      | Found a sacrificial altar of Ru.
  2999 | D:3      | Found a sparkling altar of Nemelex Xobeh.
  3366 | D:3      | Reached XP level 5. HP: 45/45 MP: 2/7
  4228 | D:3      | Killed Crazy Yiuf
  4229 | D:3      | Reached skill level 1 in Axes
  4229 | D:3      | Reached skill level 1 in Armour
  4229 | D:3      | Reached skill level 6 in Necromancy
  4653 | D:2      | Found a faded altar of an unknown god.
  5111 | D:4      | Noticed Natasha
  5119 | D:4      | Killed Natasha
  5120 | D:4      | Reached skill level 4 in Fighting
  5133 | D:4      | Found a sand-covered staircase.
  5139 | Ossuary  | Entered an ossuary
  5156 | Ossuary  | Reached XP level 6. HP: 52/52 MP: 8/8
  5168 | Ossuary  | Reached skill level 2 in Axes
  5208 | Ossuary  | Reached skill level 2 in Armour
  5317 | Ossuary  | Reached skill level 3 in Axes
  5317 | Ossuary  | Reached XP level 7. HP: 55/60 MP: 9/9
  5328 | Ossuary  | Reached skill level 3 in Armour
  5524 | D:4      | Noticed Robin
  5540 | D:4      | Killed Robin
  5541 | D:4      | Reached skill level 5 in Fighting
  5547 | D:4      | Noticed Natasha
  5669 | D:4      | Killed Natasha
  5677 | D:4      | Noticed Natasha
  5690 | D:4      | Killed Natasha
  5691 | D:4      | Reached skill level 7 in Necromancy
  5904 | D:4      | Reached skill level 4 in Axes
  6096 | D:5      | Entered Level 5 of the Dungeon
  6156 | D:5      | Reached skill level 4 in Armour
  6156 | D:5      | Reached XP level 8. HP: 31/69 MP: 10/10
  6367 | D:5      | Found a blossoming altar of Fedhas.
  6804 | D:5      | Reached skill level 6 in Fighting
  6804 | D:5      | Reached skill level 5 in Axes
  7003 | D:6      | Found a runed translucent gate.
  7003 | D:6      | Found a runed translucent gate.
  7004 | D:6      | Found a runed translucent gate.
  7006 | D:6      | Noticed Aldia's ghost (novice OpAl)
  7214 | D:6      | Reached skill level 5 in Armour
  7292 | D:6      | Reached skill level 8 in Necromancy
  7419 | D:6      | Reached skill level 6 in Axes
  7511 | D:6      | Reached XP level 9. HP: 73/78 MP: 11/11
  7863 | D:6      | Learned a level 4 spell: Animate Dead
  7880 | D:7      | Reached skill level 7 in Fighting
  7942 | D:7      | Reached skill level 6 in Armour
  8018 | D:7      | Found a staircase to the Ecumenical Temple.
  8241 | D:7      | Reached skill level 7 in Axes
  8418 | D:7      | Reached skill level 9 in Necromancy
  8726 | D:8      | Found an iron altar of Okawaru.
  8814 | Temple   | Found a transporter.
  8814 | Temple   | Found a transporter.
  8814 | Temple   | Found a transporter.
  8814 | Temple   | Found a transporter.
  8814 | Temple   | Entered the Ecumenical Temple
  8831 | Temple   | Became a worshipper of Kikubaaqudgha
  8884 | D:8      | Reached skill level 2 in Spellcasting
  9056 | D:8      | Reached skill level 8 in Fighting
  9349 | D:8      | Reached skill level 7 in Armour
  9455 | D:8      | Reached skill level 3 in Spellcasting
  9514 | D:8      | Reached XP level 10. HP: 88/88 MP: 14/14
  9556 | D:8      | Found Mikae's Jewellery Emporium.
  9609 | D:8      | Reached skill level 8 in Axes
  9687 | D:8      | Reached * piety under Kikubaaqudgha
  9687 | D:8      | Received a gift from Kikubaaqudgha
  9829 | D:8      | Found a snail-covered altar of Cheibriados.
  9894 | D:8      | Noticed a two-headed ogre
  9908 | D:8      | Killed a two-headed ogre
  9909 | D:8      | Reached skill level 4 in Spellcasting
 10407 | D:9      | Noticed Psyche
 10420 | D:9      | Killed Psyche
 10473 | D:9      | Noticed Prince Ribbit
 10487 | D:9      | Killed Prince Ribbit
 10612 | D:9      | Reached skill level 10 in Necromancy
 10617 | D:9      | Reached skill level 8 in Armour
 10617 | D:9      | Reached skill level 5 in Spellcasting
 10619 | D:9      | Reached skill level 9 in Fighting
 10810 | D:9      | Noticed a two-headed ogre
 10825 | D:9      | Killed a two-headed ogre
 10826 | D:9      | Reached skill level 9 in Axes
 10934 | D:9      | Found a hazy altar of Hepliaklqana.
 11254 | D:9      | Reached XP level 11. HP: 80/97 MP: 19/19
 11321 | D:9      | Found a hide-covered altar of Uskayaw.
 11328 | D:9      | Reached ** piety under Kikubaaqudgha
 11567 | D:10     | Entered Level 10 of the Dungeon
 11601 | D:10     | Noticed a two-headed ogre
 11610 | D:10     | Killed a two-headed ogre
 11611 | D:10     | Reached skill level 6 in Spellcasting
 11658 | D:10     | Found Umutiob's Armour Boutique.
 11685 | D:10     | Noticed Maggie
 11692 | D:10     | Killed Maggie
 11766 | D:10     | Found a shimmering altar of Xom.
 11826 | D:10     | Found a bloodstained altar of Trog.
 11842 | D:10     | Found a stormy altar of Qazlal.
 11968 | D:10     | Found an ornate altar of the Wu Jian Council.
 11981 | D:10     | Found a radiant altar of Vehumet.
 12037 | D:10     | Noticed Gastronok
 12049 | D:10     | Killed Gastronok
 12174 | D:10     | Found a glowing golden altar of the Shining One.
 12228 | D:10     | Found a staircase to the Lair.
 12668 | D:11     | Reached skill level 9 in Armour
 12749 | D:11     | Reached skill level 10 in Axes
 12751 | D:11     | Reached skill level 7 in Spellcasting
 12839 | D:11     | Reached skill level 10 in Fighting
 12839 | D:11     | Reached skill level 11 in Necromancy
 13034 | D:11     | Found a bloodstained altar of Trog.
 13139 | D:11     | Noticed a two-headed ogre
 13146 | D:11     | Killed a two-headed ogre
 13352 | D:12     | Noticed Snorg
 13371 | D:12     | HP: 9/100 [Snorg (14)]
 13374 | D:12     | Killed Snorg
 13684 | D:12     | Reached *** piety under Kikubaaqudgha
 13684 | D:12     | Received a gift from Kikubaaqudgha
 13694 | D:12     | Noticed Josephine
 13704 | D:12     | Killed Josephine
 13705 | D:12     | Reached skill level 8 in Spellcasting
 13705 | D:12     | Reached XP level 12. HP: 106/107 MP: 22/24
 13894 | D:12     | Found a staircase to the Orcish Mines.
 14011 | D:12     | Reached skill level 10 in Armour
 14014 | D:12     | Reached skill level 11 in Axes
 14276 | Lair:1   | Entered Level 1 of the Lair of Beasts
 14396 | Lair:1   | Reached skill level 11 in Fighting
 14406 | Lair:1   | Reached **** piety under Kikubaaqudgha
 14480 | Lair:1   | Reached skill level 12 in Necromancy
 14791 | Lair:1   | Reached ***** piety under Kikubaaqudgha
 14846 | Lair:1   | Noticed a boulder beetle
 14857 | Lair:1   | Killed a boulder beetle
 14860 | Lair:1   | Reached skill level 12 in Axes
 14880 | Lair:1   | Reached skill level 1 in Earth Magic
 14924 | Lair:1   | Reached skill level 11 in Armour
 15412 | Lair:2   | Noticed Zisegg's ghost (journeyman DECj)
 15412 | Lair:2   | Found a runed translucent gate.
 15412 | Lair:2   | Found a runed translucent gate.
 15412 | Lair:2   | Found a runed translucent gate.
 15437 | Lair:2   | Reached skill level 2 in Earth Magic
 15555 | Lair:2   | Reached XP level 13. HP: 117/117 MP: 25/25
 15572 | Lair:2   | Found a transporter.
 15597 | Lair:2   | Learned a level 5 spell: Borgnjor's Vile Clutch
 15784 | Lair:2   | Found a transporter.
 15800 | Lair:2   | Reached skill level 3 in Earth Magic
 15801 | Lair:2   | Reached skill level 12 in Fighting
 16227 | Lair:2   | Found a viscous altar of Jiyva.
 16246 | Lair:2   | Killed Zisegg's ghost
 16247 | Lair:2   | Reached skill level 9 in Spellcasting
 16414 | Lair:2   | Learned a level 4 spell: Dispel Undead
 16513 | Lair:3   | Noticed Rupert
 16525 | Lair:3   | Killed Rupert
 16526 | Lair:3   | Reached skill level 13 in Necromancy
 16587 | Lair:3   | Reached skill level 4 in Earth Magic
 16650 | Lair:3   | Identified the +4 ring mail of the Thunderstorm {*Corrode
                  | rF+ rN+ Int+7}
 16734 | Lair:3   | Identified the +0 ring mail "Gyutolon" {Str+3 Stlth+}
 17029 | Lair:3   | Found a staircase to the Snake Pit.
 17059 | Lair:3   | Reached skill level 13 in Axes
 17198 | Lair:3   | Reached skill level 12 in Armour
 17295 | Lair:3   | Reached skill level 5 in Earth Magic
 17382 | Lair:3   | Reached skill level 10 in Spellcasting
 17733 | Lair:3   | Found a staircase to the Shoals.
 18929 | Lair:5   | Entered Level 5 of the Lair of Beasts
 18941 | Lair:5   | Reached XP level 14. HP: 122/127 MP: 25/28
 19182 | Lair:5   | Reached ****** piety under Kikubaaqudgha
 19188 | Lair:5   | Found a viscous altar of Jiyva.
 19190 | Lair:5   | Found a staircase to the Slime Pits.
 19234 | Lair:5   | Reached skill level 13 in Fighting
 19256 | Lair:4   | Reached skill level 6 in Earth Magic
 19278 | Lair:4   | Learned a level 6 spell: Death Channel
 19671 | Lair:5   | Reached skill level 14 in Necromancy
 19727 | Lair:5   | Reached skill level 14 in Axes
 19917 | Lair:5   | Reached skill level 13 in Armour
 19917 | Lair:5   | Reached skill level 7 in Earth Magic
 20728 | Lair:2   | Identified the +0 pair of boots of the Valley {-Cast rC+
                  | rN+++ Str+4}
 21036 | D:6      | Killed Aldia's ghost
 21171 | D:13     | Found a gate to the Vaults.
 21171 | D:13     | Noticed an ironbound preserver
 21482 | D:13     | Killed an ironbound preserver
 21579 | D:13     | Found a roughly hewn altar of Beogh.
 21605 | D:13     | Reached XP level 15. HP: 126/137 MP: 29/29
 22184 | D:13     | Found a portal to a secret trove of treasure.
 22415 | D:13     | Reached skill level 8 in Earth Magic
 22452 | D:14     | Noticed Frances
 22469 | D:14     | Killed Frances
 22521 | D:14     | Reached skill level 14 in Fighting
 22582 | D:14     | Found a flickering gateway to a bazaar.
 22588 | Bazaar   | Entered a bazaar
 22588 | Bazaar   | Found Ycacami's Book Boutique.
 22588 | Bazaar   | Found Qasat's Weapon Boutique.
 22594 | Bazaar   | Found Ahimah's Book Emporium.
 22612 | Bazaar   | Found Qarunur's Armour Shoppe.
 22743 | Bazaar   | Bought a +2 kite shield of protection for 236 gold pieces
 23214 | D:14     | Reached skill level 1 in Shields
 23496 | D:14     | Reached skill level 2 in Shields
 23558 | D:14     | Noticed Agnes
 23566 | D:14     | Killed Agnes
 23660 | D:14     | Reached skill level 15 in Axes
 24118 | D:14     | Reached skill level 3 in Shields
 24127 | D:14     | Reached skill level 15 in Necromancy
 24339 | D:15     | Entered Level 15 of the Dungeon
 24346 | D:15     | Reached skill level 9 in Earth Magic
 24456 | D:15     | Noticed Boicepta's ghost (journeyman DsGl)
 24456 | D:15     | Found a transporter.
 24663 | D:15     | Found a transporter.
 24894 | D:15     | Reached skill level 4 in Shields
 25772 | D:15     | Found a staircase to the Depths.
 25877 | Orc:1    | Entered Level 1 of the Orcish Mines
 25877 | Orc:1    | Found a frozen archway.
 25889 | Orc:1    | Reached skill level 5 in Shields
 25960 | Orc:1    | Noticed Erolcha
 25964 | IceCv    | Entered an ice cave
 26603 | IceCv    | Identified the ring of Jojicej {rElec rC+ MP-9 Int+3
                  | Slay+3}
 26627 | IceCv    | Found the +8 frozen axe "Frostbite" {freeze, freezing
                  | cloud, *Noise Fly rC+}
 26861 | Orc:1    | Killed Erolcha
 26862 | Orc:1    | Reached skill level 10 in Earth Magic
 26899 | Orc:1    | Found Luintun's Antique Weapon Shop.
 27196 | Orc:2    | Entered Level 2 of the Orcish Mines
 27196 | Orc:2    | Noticed Maurice
 27211 | Orc:2    | Killed Maurice
 27452 | Orc:2    | Found a staircase to the Elven Halls.
 27472 | Orc:2    | Reached skill level 16 in Axes
 27478 | Orc:2    | Reached XP level 16. HP: 110/146 MP: 27/30
 27615 | Orc:2    | Reached skill level 6 in Shields
 28504 | Orc:2    | Reached skill level 16 in Necromancy
 28529 | Orc:2    | Found Utaki's Antique Weapon Shoppe.
 28532 | Orc:2    | Found Sang's Antique Weapon Emporium.
 28533 | Orc:2    | Found Hoarekuu's Distillery.
 28534 | Orc:2    | Found Waattog's Magic Scroll Shoppe.
 28537 | Orc:2    | Bought a potion of haste for 130 gold pieces
 28820 | Snake:1  | Entered Level 1 of the Snake Pit
 28924 | Snake:1  | Identified the serpent talisman of Sahek {rElec Str+4
                  | Dex-5}
 28924 | Snake:1  | Noticed Aizul
 29100 | Lair:3   | Reached skill level 7 in Shields
 29278 | Lair:3   | Found a staircase to the Snake Pit.
 29342 | Lair:3   | Killed Aizul
 30017 | Lair:3   | Found a staircase to the Shoals.
 30761 | Snake:2  | Identified a potion of resistance
 31073 | Snake:2  | Reached skill level 8 in Shields
 31320 | Snake:2  | Reached skill level 9 in Shields
 31776 | Snake:2  | Reached skill level 10 in Shields
 32704 | Snake:3  | Reached skill level 11 in Shields
 32897 | Snake:3  | Found a bloodstained altar of Trog.
 32942 | Snake:3  | Reached skill level 12 in Shields
 33316 | Snake:4  | Entered Level 4 of the Snake Pit
 33684 | Snake:4  | Reached skill level 14 in Armour
 33850 | Snake:4  | Reached XP level 17. HP: 90/152 MP: 31/31
 34015 | Snake:4  | Reached skill level 17 in Necromancy
 34446 | Snake:4  | Reached skill level 15 in Armour
 34640 | Snake:4  | Got a serpentine rune of Zot
 35438 | Shoals:1 | Entered Level 1 of the Shoals
 35544 | Shoals:1 | Upgraded the game from 0.32-a0-656-g3542139ebd to
                  | 0.32-a0-666-ge8a88695a4
 35623 | Shoals:1 | Reached skill level 18 in Necromancy
 35736 | Shoals:1 | Noticed Louise
 35747 | Shoals:1 | Killed Louise
 36437 | Shoals:2 | Identified the +4 chain mail of Qylugh {rF- Str-4 Dex+7}
 36622 | Shoals:2 | Reached skill level 16 in Armour
 37327 | Shoals:2 | Learned a level 4 spell: Anguish
 37367 | Shoals:3 | Noticed Polyphemus
 37425 | Shoals:3 | HP: 12/152 [Polyphemus/catoblepas (8)]
 37427 | Shoals:3 | Slain by Polyphemus

Vanquished Creatures
  Frances (D:14)
  Agnes (D:14)
  Aizul (Lair:3)
  10 nagarajas
  A reaper (IceCv)
  An ironbound preserver (D:13)
  Snorg (D:12)
  2 merfolk impalers (Shoals:2)
  3 merfolk javelineers (Shoals:2)
  An entropy weaver (D:13)
  Josephine (D:12)
  A great orb of eyes (D:15)
  2 rakshasas (D:15)
  2 merfolk avatars (Shoals:2)
  A salamander tyrant (Snake:4)
  Erolcha (Orc:1)
  The ghost of Zisegg the Mimic, a journeyman DECj of Dithmenos (Lair:2)
  2 hydras (Lair:3)
  3 anacondas
  2 catoblepae
  6 centaur warriors
  An ogre mage (D:15)
  8 two-headed ogres
  3 boulder beetles
  9 death yaks
  3 tengu warriors (D:14)
  10 naga sharpshooters
  9 naga warriors
  3 orc high priests (Orc:2)
  6 shock serpents
  13 skeletal warriors
  A salamander mystic (Snake:2)
  3 mana vipers
  An arcanist (D:13)
  A sea snake (Shoals:1)
  2 naga ritualists
  7 orc knights
  2 deep elf pyromancers
  4 harpies (Shoals:3)
  A faun (Shoals:1)
  5 cyclopes
  10 manticores
  Maurice (Orc:2)
  7 salamanders
  The ghost of Aldia the Apothecary, a novice OpAl (D:6)
  A moth of wrath (shapeshifter) (D:14)
  5 ugly things
  3 meliai (D:15)
  An elephant (Lair:3)
  3 water nymphs (Shoals:1)
  An elephant (shapeshifter) (D:15)
  27 black mambas
  A kobold blastminer (Orc:2)
  4 guardian serpents
  2 ice statues (IceCv)
  6 cane toads
  Maggie (D:10)
  11 naga magi
  A kobold demonologist (D:12)
  An unseen horror (D:13)
  9 komodo dragons
  Psyche (D:9)
  2 freezing wraiths
  An efreet (D:14)
  6 trolls
  2 rime drakes
  7 ice devils (IceCv)
  6 polar bears
  3 merfolk
  2 wind drakes
  8 hornets
  Prince Ribbit (D:9)
  9 blink frogs
  14 dream sheep
  A snapping turtle (Lair:3)
  13 slime creatures
  A vampire (D:11)
  A shadow (D:9)
  14 spriggans (Lair:5)
  4 wyverns
  A dire elephant simulacrum (IceCv)
  4 water elementals
  5 wraiths
  37 yaks
  A basilisk (Lair:1)
  A warg (shapeshifter) (D:15)
  2 wargs
  3 steam dragons (D:7)
  2 death yak simulacra (IceCv)
  An acid dragon (D:10)
  21 nagas
  7 swamp worms
  13 water moccasins
  3 black bears (Lair:5)
  37 orc warriors
  An ice beast (D:6)
  8 ogres
  3 boggarts (Lair:5)
  30 wolves
  5 centaurs
  A phantom (D:6)
  3 elf zombies (Ossuary)
  4 kobold brigands
  20 bullfrogs
  2 gnoll sergeants
  3 scorpions (D:5)
  3 two-headed ogre simulacra
  2 cane toad simulacra
  An elephant simulacrum (IceCv)
  22 killer bees
  4 howler monkeys
  3 electric eels
  8 jellies
  3 centaur zombies (Ossuary)
  29 orc priests
  5 hounds
  Crazy Yiuf (D:3)
  Natasha (thrice) (D:4)
  4 iguanas
  24 orc wizards
  3 sleepcaps
  3 troll simulacra
  3 spriggan simulacra
  3 wolf simulacra (IceCv)
  3 hound zombies (Ossuary)
  2 mummies (Ossuary)
  Robin (D:4)
  8 gnolls
  7 naga simulacra
  9 adders
  4 white imps
  6 ufetubi
  10 adder zombies (Ossuary)
  6 dart slugs
  2 ribbon worms (D:2)
  95 orcs
  27 endoplasms
  2 giant cockroaches
  4 gnoll zombies (Ossuary)
  19 goblins
  8 hobgoblins
  4 jackals (D:2)
  20 kobolds
  2 quokkas (D:1)
  4 ball pythons
  5 bats
  3 frilled lizards
  7 jackal zombies (Ossuary)
  2 kobold zombies (Ossuary)
  5 orc zombies (Ossuary)
  4 rats
939 creatures vanquished.

Vanquished Creatures (collateral kills)
  Rupert (Lair:3)
  Gastronok (D:10)
  5 nagarajas (Snake:4)
  Louise (Shoals:1)
  A merfolk impaler (Shoals:2)
  2 salamander tyrants (Snake:4)
  2 hydras
  A merfolk avatar (Shoals:1)
  A boulder beetle (D:14)
  2 anacondas
  2 death yaks
  2 orc high priests (Orc:2)
  A shock serpent (Snake:3)
  4 naga warriors
  3 naga sharpshooters
  A skyshark (Lair:5)
  A salamander mystic (Snake:4)
  A sea snake (Shoals:1)
  2 naga ritualists
  2 orc knights
  2 salamanders
  2 fauns (Shoals:1)
  A kobold blastminer (Orc:1)
  A guardian serpent (Snake:4)
  A water nymph (Shoals:2)
  7 black mambas
  2 merfolk sirens (Shoals:1)
  A naga mage (Snake:3)
  6 cane toads
  7 komodo dragons
  A troll (D:13)
  A wind drake (Shoals:2)
  A queen bee (shapeshifter) (D:15)
  2 blink frogs
  A dream sheep (Lair:3)
  A slime creature (Lair:2)
  A spriggan (Lair:5)
  A water elemental (Shoals:2)
  4 wyverns
  20 yaks
  A basilisk (Lair:1)
  9 nagas
  8 water moccasins
  5 orc warriors (Orc:2)
  An ogre (D:13)
  A centaur (D:10)
  11 wolves
  A kobold brigand (D:9)
  2 bullfrogs (Lair:3)
  4 orc priests (Orc:2)
  10 orcs
  An endoplasm (D:1)
  A goblin (D:3)
  2 kobolds (D:9)
  2 butterflies (Lair:4)
158 creatures vanquished.

Vanquished Creatures (others)
  An ugly thing zombie (D:15)
  A catoblepas zombie (Lair:5)
  A great orb of eyes zombie (D:15)
  2 harpy zombies (Shoals:3)
  A merfolk zombie (Shoals:2)
  3 guardian serpent zombies
  3 meliai zombies (D:15)
  5 black mamba zombies
  A human zombie (D:13)
  A two-headed ogre zombie (D:15)
  A tengu zombie (D:14)
  An elephant zombie (D:15)
  2 manticore zombies (Shoals:2)
  3 dream sheep zombies (Lair:3)
  2 komodo dragon zombies
  A salamander zombie (Snake:4)
  2 wyvern zombies
  3 water moccasin zombies
  A troll zombie (D:13)
  15 yak zombies
  4 bullfrog zombies
  A kobold zombie (D:12)
  8 naga zombies
  5 ogre zombies
  A howler monkey zombie (D:12)
  30 orc zombies
99 creatures vanquished.

Grand Total: 1196 creatures vanquished

Table legend: (Time is in decaauts)
 A = Elapsed time spent in this place.
 B = Non-inter-level travel time spent in this place.
 C = Inter-level travel time spent in this place.
 D = Time resting spent in this place.
 E = Time spent auto-exploring this place.
 F = Levels seen in this place.
 G = Mean time per level.
                   A        B        C        D        E       F      G
               +--------+--------+--------+--------+--------+-----+--------+
         Total |  37381 |  35450 |   1931 |   4105 |  22321 |  33 | 1132.8 |
       Dungeon |  19017 |  17736 |   1281 |   1433 |  12525 |  15 | 1267.8 |
        Temple |     36 |     28 |      8 |      0 |      0 |   1 |   36.0 |
          Lair |   7994 |   7607 |    387 |    754 |   4969 |   5 | 1598.8 |
        Shoals |   2024 |   1968 |     56 |    392 |    871 |   3 |  674.7 |
     Snake Pit |   5108 |   4974 |    134 |    955 |   2589 |   4 | 1277.0 |
  Orcish Mines |   1823 |   1761 |     62 |    336 |    828 |   2 |  911.5 |
        Bazaar |    169 |    169 |      0 |      0 |    103 |   1 |  169.0 |
       Ossuary |    345 |    345 |      0 |      0 |    107 |   1 |  345.0 |
      Ice Cave |    861 |    861 |      0 |    235 |    328 |   1 |  861.0 |
               +--------+--------+--------+--------+--------+-----+--------+

Top non-repeatable levels by time:
  Lair:3: 2914 daAuts
     D:2: 2292 daAuts
 Snake:4: 1975 daAuts
    D:14: 1891 daAuts
     D:3: 1613 daAuts
 Snake:2: 1444 daAuts
     D:8: 1403 daAuts
   Orc:2: 1392 daAuts
  Lair:2: 1351 daAuts
    D:15: 1301 daAuts
  Lair:5: 1293 daAuts
  Lair:4: 1256 daAuts
     D:1: 1253 daAuts
     D:9: 1241 daAuts
    D:13: 1213 daAuts

Table legend:
 A = Non-vault XP
 B = Vault XP
 C = Vault XP percentage of total XP
 D = Non-vault monster count
 E = Vault monster count
 F = Vault count percentage of total count
                 A         B        C        D         E       F
            +---------+---------+-------+---------+---------+-------
      Total |  169188 |  111213 |  39.7 |     673 |     422 |  38.5
            +---------+---------+-------+---------+---------+-------
        D:1 |      42 |       4 |   8.7 |      23 |       1 |   4.2
        D:2 |      96 |       0 |   0.0 |      20 |       0 |   0.0
        D:3 |     109 |      58 |  34.7 |      21 |       6 |  22.2
        D:4 |     266 |      72 |  21.3 |      22 |      12 |  35.3
        D:5 |     526 |     153 |  22.5 |      15 |       1 |   6.2
        D:6 |     902 |     514 |  36.3 |      20 |       1 |   4.8
        D:7 |    1509 |       0 |   0.0 |      31 |       0 |   0.0
        D:8 |    2364 |     481 |  16.9 |      28 |       3 |   9.7
        D:9 |    3176 |     739 |  18.9 |      24 |       7 |  22.6
       D:10 |    1512 |    1906 |  55.8 |       8 |       2 |  20.0
       D:11 |    4247 |       0 |   0.0 |      26 |       0 |   0.0
       D:12 |    2400 |    3482 |  59.2 |      16 |      25 |  61.0
       D:13 |    7480 |    4064 |  35.2 |      17 |      26 |  60.5
       D:14 |   14123 |    4635 |  24.7 |      20 |       4 |  16.7
       D:15 |   11713 |    5359 |  31.4 |      31 |       9 |  22.5
     Lair:1 |    8532 |    2298 |  21.2 |      42 |      28 |  40.0
     Lair:2 |    6675 |    3793 |  36.2 |      31 |      17 |  35.4
     Lair:3 |   10576 |   10841 |  50.6 |      26 |      22 |  45.8
     Lair:4 |    4978 |       0 |   0.0 |      13 |       0 |   0.0
     Lair:5 |   15897 |    9915 |  38.4 |      57 |      52 |  47.7
   Shoals:1 |    8873 |    1208 |  12.0 |      17 |       1 |   5.6
   Shoals:2 |    4806 |    7015 |  59.3 |      11 |       9 |  45.0
   Shoals:3 |    2617 |     803 |  23.5 |       5 |       1 |  16.7
    Snake:1 |    3487 |       0 |   0.0 |       6 |       0 |   0.0
    Snake:2 |   15867 |    5304 |  25.1 |      28 |      10 |  26.3
    Snake:3 |   16317 |       0 |   0.0 |      32 |       0 |   0.0
    Snake:4 |   14580 |   30947 |  68.0 |      32 |      37 |  53.6
      Orc:1 |    2487 |    1178 |  32.1 |      17 |       9 |  34.6
      Orc:2 |    3031 |    9934 |  76.6 |      34 |      68 |  66.7
    Ossuary |       0 |     614 | 100.0 |       0 |      39 | 100.0
      IceCv |       0 |    5896 | 100.0 |       0 |      32 | 100.0
            +---------+---------+-------+---------+---------+-------
